goldrog, chaotic female human Priestess --- ---- --.------ |..-- |.......-- |...| ----|.......<| |...| |...|.|.....-- |..-| ---....%|...--- |...| |.....--)...| --..---.--..|.....- |......||..|-...... |......||..||.......| |.--...||..||..---.-- |.||..--|..|--.| -- |.||.-- |..| --- |.||@| |..| |.||d| |..| |.--.| |..| |.>..| |..- ---..-- |.* |.^.| |..| --..| ---- ---- goldrog the Adept Experience level: 6 Strength: 15 Dexterity: 12 Constitution: 12 Intelligence: 16 Wisdom: 13 Charisma: 10 Health: 0(49) Energy: 32(46) Def: 5 Gold: 199 Moves: 2121 Dungeon seed: yazW7Fqn6Dj8Nj_e Game ID: goldrog_1540254110 Your Inventory: Coins $ - 199 gold pieces Weapons a - a blessed +1 mace o - a blessed +8 elven dagger named Vladsbane (weapon in hand) t - a blessed +1 dagger Armor e - an uncursed +0 robe (being worn) n - an uncursed +0 small shield (being worn) q - an uncursed +0 leather cloak r - an uncursed +0 pair of iron shoes (being worn) Comestibles B - 2 uncursed food rations Scrolls k - an uncursed scroll of scare monster m - 2 uncursed scrolls of identify s - an uncursed scroll of confuse monster v - an uncursed scroll of gold detection C - an uncursed scroll of consecration D - an uncursed scroll of light Spellbooks g - an uncursed spellbook of healing h - an uncursed spellbook of create monster i - an uncursed spellbook of light G - an uncursed spellbook of slow monster H - an uncursed spellbook of remove curse K - an uncursed spellbook of detect food Potions b - 2 potions of holy water L - a cursed potion of extra healing Wands f - an uncursed wand of cancellation (0:1) j - an uncursed wand of teleportation (0:8) I - an uncursed wand of create monster (0:12) J - an uncursed wand of polymorph (0:4) Tools x - an uncursed tallow candle (0:200) Gems w - 2 uncursed worthless pieces of blue glass y - an uncursed worthless piece of green glass z - an uncursed chrysoberyl N - an uncursed worthless piece of black glass Y - 2 uncursed worthless pieces of violet glass Spells and supernatural/magical abilities: Name Level Category Fail Memory h - healing 1 healing 0% 90% l - light 1 divination 0% 90% r - remove curse 3 clerical 0% 99% s - slow monster 1 enchantment 0% 99% E - detect food 2 divination 44% 100% O - create monster 2 clerical 0% 90% W - pray for help -- divine ? -- X - turn undead -- divine ? -- Your skills at the end: Miscellaneous Skills shield [Basic] wands [Basic] Weapon Skills mace [Basic] Spellcasting Skills clerical spells [Basic] Final Attributes: You were piously aligned. You had wounded legs. You were lucky. You are dead. Vanquished creatures: a small mimic a dust vortex 4 human zombies a wood nymph a fog cloud a shrieker a violet fungus 3 gnome lords 5 gnomish wizards 4 dwarves 4 rothes a rabid rat 5 dwarf zombies a coyote 2 hobbits a large kobold a gecko 22 gnomes a gnome zombie 3 jackals 4 newts 2 goblins a lichen 2 kobold zombies 72 creatures vanquished. Voluntary challenges: You did not adorn yourself with jewelry or accessories. You did not cause conflict. You were not invisible. You did not have reflection. You were not displaced. You were an atheist. You used a wielded weapon 82 times, starting on turn 128. You did not use tools. You did not use plumbed fixtures. You read items or engraved 19 times, starting on turn 1884. You never genocided any monsters. You never polymorphed an object. You never changed form. You used no wishes. You never split a pudding. You never wrote Elbereth's name. You never violated your personal moral code. Dungeon overview: The Dungeons of Doom: levels 1 to 3 Level 1 a fountain a long staircase Level 2 Level 3 a sink stairs to The Gnomish Mines The Gnomish Mines: levels 4 to 7 Level 4 stairs to The Dungeons of Doom Level 5 Level 6 many shops, a temple to Shan Lai Ching, a magic chest, some fountains Level 7 <- You were here History has recorded: On T:1 you entered the Dungeons of Doom to retrieve the Amulet of Yendor! On T:161 you reached level 2 of The Dungeons of Doom. On T:398 you reached level 3 of The Dungeons of Doom. On T:549 you reached level 1 of The Gnomish Mines. On T:571 you advanced to experience level 2. On T:591 you advanced to experience level 3. On T:687 you advanced to experience level 4. On T:848 you reached level 2 of The Gnomish Mines. On T:887 you advanced to experience level 5. On T:1418 you reached level 3 of The Gnomish Mines. On T:1512 you advanced to experience level 6. On T:1818 you entered the Minetown temple On T:1880 you opened a magic chest. On T:1992 you reached level 4 of The Gnomish Mines. Score breakdown: Gold: 199 ( 19 points) Experience: 6 levels ( 500 points) Exploration: 7 levels ( 180 points) Discoveries: 23 items ( 1150 points) Variety of kills: 24 monsters ( 1200 points) Major goal: reached Minetown ( 500 points) Survival: died (score multiplied by 3) Total score: 10647 Latest messages: You feel better. The large dog bites! You hear a distant squeak. You stab the large dog! You hear some noises in the distance. The large dog bites! (2x) You feel better. The large dog bites! (2x) You miss the large dog. The large dog bites! You hear a distant squeak. You feel better. The large dog bites! (2x) You miss the large dog. The large dog bites! (2x) You die... Final status: Goodbye goldrog the Priestess, killed by a large dog... You died in The Gnomish Mines on dungeon level 7 with 10647 points, and 199 pieces of gold, after 2121 moves. You were level 6 with a maximum of 49 hit points when you died.